 Dungeon Crawl Stone Soup version 0.25-a0-690-g234afa57d4 (webtiles) character file.

Game seed: 10383041286195501799, levelgen mode: deterministic

149 kae the Insei (level 5, -5/40 HPs)
             Began as a Draconian Transmuter on Mar 30, 2020.
             Killed from afar by an orc wizard (10 damage)
             ... with a puff of flame
             ... on level 3 of the Dungeon.
             The game lasted 00:01:52 (2644 turns).

kae the Insei (Draconian Transmuter)                Turns: 2644, Time: 00:01:53

Health: -5/40      AC:  2    Str: 12    XL:     5   Next: 9%
Magic:  6/9        EV: 17    Int: 14    God:
Gold:   34         SH:  0    Dex: 17    Spells: 3/9 levels left

rFire    . . .     SeeInvis .     - Unarmed
rCold    . . .     Gourm    .   (shield currently unavailable)
rNeg     . . .     Faith    .   (armour unavailable)
rPois    x         Spirit   .   (helmet currently unavailable)
rElec    .         Reflect  .   (cloak currently unavailable)
rCorr    .         Harm     .   (gloves currently unavailable)
MR       .....                  (boots currently unavailable)
Stlth    ++........             (no amulet)
HPRegen  0.13/turn              (no ring)
MPRegen  0.11/turn              (no ring)

@: spider-form (expiring), heavily drained
A: tiny, unfitting armour, AC +5
a: End Transformation


You were on level 3 of the Dungeon.
You were very hungry.
You were a venomous arachnid creature.
You visited 1 branch of the dungeon, and saw 3 of its levels.

You collected 34 gold pieces.

Inventory:

Hand Weapons
 l - a +2 whip of electrocution (melded)
Missiles
 a - 60 arrows
Wands
 n - a wand of clouds (2)
Scrolls
 b - 3 scrolls of identify {unknown}
 d - a scroll of magic mapping {unknown}
 e - a scroll of remove curse {unknown}
 f - a scroll of fog {unknown}
 j - a scroll of noise {unknown}
 m - a scroll of amnesia {unknown}
Potions
 g - a potion of lignification {unknown}
 h - a potion of ambrosia {unknown}
 k - a potion of berserk rage {unknown}
 o - a potion of haste {unknown}
Comestibles
 c - 4 rations


   Skills:
 - Level 1.1(0.0) Fighting
 - Level 1.7(0.0) Dodging
 * Level 4.6(2.7) Unarmed Combat
 + Level 2.9(1.0) Spellcasting
 + Level 3.1(1.3) Transmutations


You had 3 spell levels left.
You knew the following spells:

 Your Spells              Type           Power        Failure   Level  Hunger
a - Beastly Appendage     Tmut           #.....       34%         1    ##.....
b - Sticks to Snakes      Tmut           #.......     45%         2    ###....
c - Spider Form           Tmut/Pois      #.........   73%         3    ####...

Your spell library contained the following spells:

 Spells                   Type           Power        Failure   Level  Hunger
 Ice Form                 Ice/Tmut       #.......     97%         4    #####..
 Blade Hands              Tmut           #.........   100%        5    ######.


Dungeon Overview and Level Annotations

Branches:
Dungeon (3/15)

Altars:
Sif Muna
Trog


Innate Abilities, Weirdness & Mutations

((Your plain brown scales are hard. (AC +5)))
You cannot fit into any form of body armour.
((You are cold-blooded and may be slowed by cold attacks.))


Message History

* * * LOW HITPOINT WARNING * * *
You barely miss something. Something hits you.
* * * LOW HITPOINT WARNING * * *
You feel drained.
You hear some strange, mumbled words.
Something tries to affect you, but you resist.
Something hits you but does no damage.
You feel drained.
You hit something but do no damage. Something hits you.
* * * LOW HITPOINT WARNING * * *
You feel drained. Something hits you.
* * * LOW HITPOINT WARNING * * *
You barely miss something.
You hear some strange, mumbled words.
A puff of frost appears from out of thin air!
The puff of frost misses you. Something hits you but does no damage.
You hit something.
You hear some strange, mumbled words.
A puff of flame appears from out of thin air!
The puff of flame hits you!
You die...

.......##..# ###)##
...........##.#####.[###
............#.#......(..
...........#...####.###
%.#.......#...# #..# ###
#........'.#.#####.# ..#
#........'.#...# #.# ..#
.#..#.).....#####.# #.# ..#
......{s....### #.###.## ..#
.......)....#.# #....... ..##
...........##.#######.#. ...##
..........###......##.## ....#
.........## ######.##..# ....###
........## #...#.. .##...##
.......## ###.##.
.####..######################.##)
...###.........)...........[...#.


There were no monsters in sight!

Vanquished Creatures
  An orc wizard (D:3)
  Jessica (D:3)
  Robin (D:3)
  An adder (D:2)
  2 dart slugs
  4 orcs (D:3)
  A ball python (D:2)
  3 giant cockroaches (D:2)
  12 goblins
  10 hobgoblins
  A quokka (D:3)
  10 bats
  3 frilled lizards
  9 kobolds
  10 rats
69 creatures vanquished.

Notes
Turn   | Place    | Note
-------+----------+-------------------------------------------
     0 | D:1      | kae the Draconian Transmuter began the quest for the Orb.
     0 | D:1      | Reached XP level 1. HP: 16/16 MP: 3/3
   192 | D:1      | Reached XP level 2. HP: 23/23 MP: 3/5
   901 | D:2      | Learned a level 2 spell: Sticks to Snakes
   920 | D:2      | Reached XP level 3. HP: 5/28 MP: 6/6
  1720 | D:2      | Found a shimmering blue altar of Sif Muna,
  1854 | D:3      | Reached skill level 4 in Unarmed Combat
  1887 | D:3      | Learned a level 3 spell: Spider Form
  1908 | D:3      | Noticed Jessica
  2093 | D:3      | Killed Jessica
  2093 | D:3      | Reached XP level 4. HP: 28/35 MP: 7/7
  2101 | D:3      | Noticed Robin
  2337 | D:3      | Killed Robin
  2549 | D:3      | Found a bloodstained altar of Trog,
  2635 | D:3      | Reached XP level 5. HP: 17/40 MP: 5/9
  2644 | D:3      | Killed from afar by an orc wizard

Levels and vault maps discovered:
D:1:      ebering_hopf_link, layout_loops_ring
D:2:      layout_basic, lemuel_blue_sif_altar
D:3:      kennysheep_big_flooded_room, layout_rooms, lightli_temple_of_fire,
          first_ration, uniq_robin, uniq_jessica

Skill      XL: |  1  2  3  4 |
---------------+-------------+-----
Unarmed Combat | 4 |  4.6
Transmutations | 3 |  3.1
Fighting       | |  1.1
Dodging        | |  1.7
Spellcasting   | |  2.9

Action                   |  1- 3 |  4- 6 || total
-------------------------+-------+-------++-------
Melee: Unarmed           |   113 |    21 ||   134
       Kick              |     3 |       ||     3
       Tailslap          |    13 |     4 ||    17
       Headbutt          |     8 |       ||     8
       Whip              |    36 |    24 ||    60
       Punch             |       |     2 ||     2
 Cast: Beastly Appendage |    19 |     1 ||    20
       Spider Form       |       |     2 ||     2
  Use: Potion            |     1 |     2 ||     3
 Stab: Distracted        |     1 |       ||     1
  Eat: Chunk             |     3 |     2 ||     5
Armor: Skin              |    42 |    13 ||    55
Dodge: Dodged            |   130 |    52 ||   182

Table legend:
 A = Non-vault XP
 B = Vault XP
 C = Vault XP percentage of total XP
 D = Non-vault monster count
 E = Vault monster count
 F = Vault count percentage of total count
                 A         B        C        D         E       F
            +---------+---------+-------+---------+---------+-------
      Total |     136 |      78 |  36.4 |      53 |      16 |  23.2
            +---------+---------+-------+---------+---------+-------
        D:1 |      30 |       0 |   0.0 |      21 |       0 |   0.0
        D:2 |      49 |       2 |   3.9 |      22 |       1 |   4.3
        D:3 |      57 |      76 |  57.1 |      10 |      15 |  60.0
            +---------+---------+-------+---------+---------+-------
